 Dungeon Crawl Stone Soup version 0.27-a0-1084-g78b3836a5f (webtiles) character file.

Game seed: 2832918112709837178

2 spiderkeys the Ruffian (level 1, -11/19 HPs)
             Began as a Ghoul Monk on Apr 27, 2021.
             Mangled by a gnoll
             ... wielding a +2 flail of venom
              (15 damage)
             ... on level 1 of the Dungeon.
             The game lasted 00:00:24 (98 turns).

spiderkeys the Ruffian (Ghoul Monk)                   Turns: 98, Time: 00:00:24

Health: -11/19     AC:  2    Str: 14    XL:     1   Next: 30%
Magic:  0/0        EV: 12    Int:  5    God:
Gold:   0          SH:  0    Dex: 11    Spells: 0/0 levels left

rFire    . . .     SeeInvis .     - Unarmed
rCold    + . .     Faith    .   (no shield)
rNeg     + + +     Spirit   .   a - +0 robe
rPois    ∞         Reflect  .   (no helmet)
rElec    .         Harm     .   (no cloak)
rCorr    .         Rampage  .   (no gloves)
Will     .....                  (no boots)
Stlth    ++........             (no amulet)
HPRegen  0.00/turn              (no ring)
MPRegen  0.07/turn              (no ring)

@: no status effects
A: claws 1, cold resistance 1, negative energy resistance 3, inhibited
regeneration, torment resistance 2, unbreathing 1
a: no special abilities


You were on level 1 of the Dungeon.
You visited 1 branch of the dungeon, and saw 1 of its levels.


Innate Abilities, Weirdness & Mutations

You thrive by killing the living.
You are immune to poison.
You have sharp fingernails.
Your flesh is cold resistant. (rC+)
You are immune to negative energy. (rN+++)
You do not regenerate when monsters are visible.
You are immune to unholy pain and torment.
You can survive without breathing.


   Skills:
 + Level 3.3 Fighting
 + Level 0.1 Armour
 + Level 2.7 Dodging
 - Level 2.1 Stealth
 + Level 3.3 Unarmed Combat


You couldn't memorise any spells.
You didn't know any spells.
Your spell library was empty.

Inventory:

Missiles
 d - 13 stones (quivered)
Armour
 a - a +0 robe (worn)
Scrolls
 c - a scroll of identify {unknown}
Potions
 b - a potion of attraction {unknown}
 e - a potion of cancellation {unknown}

Dungeon Overview and Level Annotations

Branches:
Dungeon (1/15)

Altars:

############
##..........##
##............##
######..............#
#...g@..............#
....####.....>........#
. #..............#
#..............#
##............##
##..........##
#####.######
...######..#
........##.##


You could see a gnoll.


Message History

🤖 Initializing magus.rc ...
Options error: Delay interrupt name "hungry" not recognised. (~/.crawlrc:4988) ✅ Successfully initialized magus.rc [v1.9.10] Welcome, spiderkeys the Ghoul Monk.
The bosom of this dungeon contains the fabulous artefact, the Orb of Zot.
Press ? for a list of commands and other information.
Found a staircase leading out of the dungeon.
You open the door.
There is an open door here.
A goblin comes into view. It is wielding a +2 dagger of venom.
The goblin shouts!
You closely miss the goblin. The goblin barely misses you.
You scratch the goblin.
The goblin hits you with a +2 dagger of venom. 😕 HP[-1]
You take 1 damage, and now have 18/19 hp.
You scratch the goblin.
You kill the goblin!
No target in view!
No target in view!
b - a red potion 😎 HP[+1]
Your hp is fully restored (19).
c - a scroll labelled HYGAUT PYOLAC A bat comes into view.
You miss the bat. The bat hits you. 😕 HP[-1]
You take 1 damage, and now have 18/19 hp.
The bat barely misses you.
Found 13 stones.
Found a stone staircase leading down.
The bat misses you. The bat hits you but does no damage.
The bat closely misses you.
You miss the bat. The bat barely misses you.
You scratch the bat.
You kill the bat!
You feel better. 😎 HP[+1]
Your hp is fully restored (19).
No target in view!
No target in view!
d - 13 stones
Found a stone staircase leading down.
e - an inky potion No target in view!
A gnoll comes into view. It is wielding a +2 flail of venom.
The gnoll shouts!
A gnoll is nearby!
The gnoll hits you with a +2 flail of venom! 😮 HP[-8]
You take 8 damage, and now have 11/19 hp.
MASSIVE DAMAGE!! (PAUSE)
You completely miss the gnoll. Your claw misses the gnoll.
The gnoll hits you with a +2 flail of venom!
* * * LOW HITPOINT WARNING * * *
😱 HP[-7]
You take 7 damage, and now have 4/19 hp.
MASSIVE DAMAGE!! (PAUSE)
You scratch the gnoll but do no damage. The gnoll barely misses you.
You closely miss the gnoll.
The gnoll hits you with a +2 flail of venom!
Ouch! That really hurt!
You die...

Action                   || total
-------------------------++-------
Melee: Unarmed           ||     9
Armor: Robe              ||     1
Dodge: Dodged            ||     6

Levels and vault maps discovered:
D:1:      tarquinn_simple_flora_water_f, layout_rooms, minmay_fountain_box

Notes
Turn   | Place    | Note
-------+----------+-------------------------------------------
     0 | D:1      | spiderkeys the Ghoul Monk began the quest for the Orb.
     0 | D:1      | Reached XP level 1. HP: 19/19 MP: 0/0
     0 | D:1      | magus.rc [v1.9.10]
    96 | D:1      | HP: 4/19 [gnoll/+2 flail of venom (7)]
    98 | D:1      | Mangled by a gnoll

Vanquished Creatures
  A goblin (D:1)
  A bat (D:1)
2 creatures vanquished.

Table legend:
 A = Non-vault XP
 B = Vault XP
 C = Vault XP percentage of total XP
 D = Non-vault monster count
 E = Vault monster count
 F = Vault count percentage of total count
                 A         B        C        D         E       F
            +---------+---------+-------+---------+---------+-------
      Total |       3 |       0 |   0.0 |       2 |       0 |   0.0
            +---------+---------+-------+---------+---------+-------
        D:1 |       3 |       0 |   0.0 |       2 |       0 |   0.0
            +---------+---------+-------+---------+---------+-------

Illustrated notes

Table legend:
 A = Kills in this place as a percentage of kills in entire the game.
 B = Kills by you in this place as a percentage of kills by you in the entire game.
 C = Kills by friends in this place as a percentage of kills by friends in the entire game.
 D = Other kills in this place as a percentage of other kills in the entire game.
 E = Experience gained in this place as a percentage of experience gained in the entire game.
 F = Experience gained in this place divided by the number of levels of this place that you have seen.
                   A       B       C       D       E      F
               +-------+-------+-------+-------+-------+----------------------
         Total | 100.0 | 100.0 |   N/A |   N/A | 100.0 |   3.0
       Dungeon | 100.0 | 100.0 |   N/A |   N/A | 100.0 |   3.0
               +-------+-------+-------+-------+-------+----------------------

Table legend: (Time is in decaauts)
 A = Elapsed time spent in this place.
 B = Non-inter-level travel time spent in this place.
 C = Inter-level travel time spent in this place.
 D = Time resting spent in this place.
 E = Time spent auto-exploring this place.
 F = Levels seen in this place.
 G = Mean time per level.
                   A        B        C        D        E       F      G
               +--------+--------+--------+--------+--------+-----+--------+
         Total |     97 |     97 |      0 |      0 |     73 |   1 |   97.0 |
       Dungeon |     97 |     97 |      0 |      0 |     73 |   1 |   97.0 |
               +--------+--------+--------+--------+--------+-----+--------+

Top non-repeatable levels by time:
     D:1: 97 daAuts
